AoeStats
← alonsof47

MegaRandom

503489729Analyzed
1v1 RM · 1mo ago on Aug 31, 2026· 48m 54s· 2 players
Game mode
Random Map
Map size
Tiny (2 player)
Population
200
Speed
Normal
Resources
Standard
Victory
Conquest
Starting age
Dark Age
Ending age
Imperial Age
RankedLock teamsTeams togetherTeam positionsShared explorationLock speedFull tech treeHidden civsTurbo modeCheats
Victory
Defeat
🇺🇸 Dravidians · United States
990
+14
🇲🇽 Malay · Mexico
952
-42
alonsof47
6:24 Loom
8:27 Feudal Age
8:19 Double-Bit Axe
18:16 Castle Age
17:02 Man-at-Arms
20:11 Long Swordsman
20:54 Gold Mining
21:21 Bow Saw
24:42 Gold Shaft Mining
23:54 Horse Collar
26:10 Wheelbarrow
26:55 Scale Barding Armor
27:43 Heavy Plow
29:21 Forging
31:32 Hand Cart
32:02 Iron Casting
33:01 Thalassocracy
37:41 Imperial Age
36:17 Fletching
37:31 Conscription
36:44 Capped Ram
38:14 Crop Rotation
39:25 Thumb Ring
39:39 Two-Handed Swordsman
41:01 Town Watch
41:22 Husbandry
43:03 Blast Furnace
43:53 Onager
44:00 Cavalier
47:15 Bodkin Arrow
Thunderscreech
1:09 Loom
11:29 Feudal Age
13:30 Horse Collar
18:17 Castle Age
16:53 Double-Bit Axe
19:21 Bow Saw
19:14 Heavy Plow
25:45 Wheelbarrow
26:57 Hand Cart
26:27 Town Watch
27:56 Gold Mining
28:00 Stone Mining
30:50 Imperial Age
28:47 Man-at-Arms
29:56 Forging
29:48 Scale Mail Armor
30:33 Squires
30:28 Arson
31:23 Iron Casting
31:15 Ballistics
30:55 Fletching
32:44 Chemistry
32:16 Pikeman
33:41 Halberdier
33:51 Halberdier
35:36 Blast Furnace
34:51 Chain Mail Armor
35:12 Bodkin Arrow
37:56 Wootz Steel
39:55 Plate Mail Armor
39:25 Bracer
39:47 Masonry
39:35 Murder Holes
39:50 Town Patrol
42:59 Elite Urumi Swordsman
44:00 Conscription
Connection lost

Rejoining the realm…

Still unreachable

The connection could not be restored.

Session expired

The server has moved on; the page needs a fresh start.